 Dungeon Crawl Stone Soup version 0.26.0-16-gc1dbca0489 (webtiles) character file.

Game seed: 1407861198850828027

15 Majorwet the Sneak (level 2, -5/24 HPs)
             Began as a Demonspawn Delver on Jan 19, 2021.
             Was an Initiate of Nemelex Xobeh.
             Slain by Terence
             ... wielding a +0 flail
              (6 damage)
             ... on level 3 of the Dungeon.
             The game lasted 00:07:52 (1020 turns).

Majorwet the Sneak (Demonspawn Delver)              Turns: 1020, Time: 00:07:53

Health: -5/24      AC:  6    Str: 12    XL:     2   Next: 34%
Magic:  2/2        EV:  9    Int: 11    God:    Nemelex Xobeh [......]
Gold:   5          SH:  0    Dex: 14    Spells: 1/1 levels left

rFire    . . .     SeeInvis .   a - +0 hand axe
rCold    . . .     Faith    .   (no shield)
rNeg     . . .     Spirit   .   k - +0 scale mail
rPois    .         Reflect  .   (no helmet)
rElec    .         Harm     .   (no cloak)
rCorr    .         Rampage  .   (no gloves)
Will     .....                  (no boots)
Stlth    +.........             (no amulet)
HPRegen  0.08/turn              (no ring)
MPRegen  0.08/turn              (no ring)

@: brilliant, attractive
A: hooves 1
a: Renounce Religion, Draw Escape, Draw Destruction, Draw Summoning


You were on level 3 of the Dungeon.
You worshipped Nemelex Xobeh.
Nemelex Xobeh was noncommittal.
You visited 1 branch of the dungeon, and saw 4 of its levels.

You collected 5 gold pieces.

Inventory:

Hand Weapons
 a - a +0 hand axe (weapon)
Missiles
 j - a throwing net
 l - 14 poisoned darts (quivered)
Armour
 b - a +0 leather armour
 k - a +0 scale mail (worn)
Wands
 g - a wand of digging (3)
Scrolls
 c - a scroll of fog
 d - a scroll of magic mapping
 e - a scroll of fear
 h - a scroll of amnesia {unknown}


   Skills:
 + Level 3.1 Fighting
 + Level 1.9 Axes
 + Level 0.1 Armour
 + Level 1.8 Dodging
 + Level 4.9 Stealth


You had one spell level left.
You didn't know any spells.
Your spell library was empty.

Dungeon Overview and Level Annotations

Branches:
Dungeon (5/15)
 Temple: D:4-7

Altars:
Nemelex Xobeh

Annotations:
D:3 Terence


Innate Abilities, Weirdness & Mutations

You have large cloven feet.


Message History

Terence closely misses you.
You hit Terence but do no damage. Your kick misses Terence.
Terence is lightly wounded.
Terence hits you with a +0 flail!
* * * LOW HITPOINT WARNING * * *
You hit Terence but do no damage.
Terence is lightly wounded.
Terence looks more healthy.
Terence hits you with a +0 flail!
* * * LOW HITPOINT WARNING * * *
You hit Terence. You kick Terence, but do no damage.
Terence is moderately wounded.
Terence misses you.
It was a potion of brilliance.
You feel clever all of a sudden. Terence closely misses you.
It was a potion of attraction.
You feel attractive to monsters. Terence hits you with a +0 flail.
You die...
Your body disappears without a glow.

... #..#...#.#
####.##+#.##.## #.>...(..#
#.##.#......
##.############.##........
#+# #..........#........
<.###..........#.....†..
...............#....#.#.
...............#........
...............#......#.
(....(@@...........#..#.
..........#.##.#.######.
..........#.##.#........
..##......#.##.######### .
#......#.##.#
#......#.##.#
........#.##.#
.#######....... #.#.#


You could see Terence.

Vanquished Creatures
  2 orcs (D:3)
  A bat (D:3)
  3 goblins
  2 hobgoblins (D:3)
  A quokka (D:3)
  2 rats
11 creatures vanquished.

Notes
Turn   | Place    | Note
-------+----------+-------------------------------------------
     0 | D:5      | Majorwet the Demonspawn Delver began the quest for the Orb.
     0 | D:5      | Reached XP level 1. HP: 18/18 MP: 1/1
    20 | D:5      | Noticed an orc priest
    50 | D:4      | Noticed an iguana
    63 | D:4      | Noticed a scorpion
   105 | D:3      | Noticed an orc priest
   368 | D:3      | Found a sparkling altar of Nemelex Xobeh.
   380 | D:3      | Became a worshipper of Nemelex Xobeh the Trickster
   482 | D:3      | Gained mutation: You have large cloven feet. [demonic
                  | ancestry]
   482 | D:3      | Reached XP level 2. HP: 24/24 MP: 2/2
  1007 | D:3      | Noticed Terence
  1017 | D:3      | HP: 1/24 [Terence/+0 flail (7)]
  1020 | D:3      | Slain by Terence

Illustrated notes

Levels and vault maps discovered:
D:2:      layout_basic, okawaru_trees_1, minmay_tromino_v7
D:3:      layout_basic, marbit_many_paths, lemuel_doored_altar,
          minmay_pentangle, uniq_terence, uniq_sigmund
D:4:      layout_cave_pools, nicolae_overflow_crystal_walls, serial_shops, shop,
          uniq_crazy_yiuf_cottage, uniq_natasha
D:5:      layout_layer_cave, basic_altar, serial_glass, glass_columns_b,
          glass_columns_b, elyvilon_altar_1

Action                   || total
-------------------------++-------
Melee: Hand axe          ||    52
       Kick              ||     5
Throw: Dart              ||     3
  Use: Potion            ||     3
 Stab: Sleeping          ||     1
Armor: Leather armour    ||     3
       Scale mail        ||    20
Dodge: Dodged            ||    35
